 Dungeon Crawl Stone Soup version 0.23-a0-484-g29ba69c (webtiles) character file.

488 Lanoc the Shooter (level 6, -2/51 HPs)
             Began as a Centaur Arcane Marksman on Dec 1, 2018.
             Slain by an orc warrior
             ... wielding a cursed -3 long sword
              (22 damage)
             ... on level 4 of the Dungeon.
             The game lasted 00:11:41 (3816 turns).

Lanoc the Shooter (Centaur Arcane Marksman)         Turns: 3816, Time: 00:11:42

Health: -2/51      AC:  4    Str: 13    XL:     6   Next: 90%
Magic:  7/7        EV: 13    Int: 17    God:
Gold:   141        SH:  4    Dex: 11    Spells: 6/7 levels left

rFire    . . .     SeeInvis .   a - +0 shortbow
rCold    . . .     Gourm    .   (shield currently unavailable)
rNeg     . . .     Faith    .   e - +0 robe
rPois    .         Spirit   .   (no helmet)
rElec    .         Reflect  +   (no cloak)
rCorr    .         Harm     .   (no gloves)
MR       .....                  (no barding)
Stlth    +.........             o - +4 amulet of reflection
HPRegen  0.17/turn              k - +3 ring of evasion
MPRegen  0.10/turn              (no ring)

@: brilliant, very quick
A: large, hooves 3, deformed body, speed 2, tough skin 3
a: no special abilities


You were on level 4 of the Dungeon.
You were not hungry.

You visited 1 branch of the dungeon, and saw 4 of its levels.

You collected 141 gold pieces.

Inventory:

Hand Weapons
 a - a +0 shortbow (weapon)
 c - a +0 spear
Missiles
 d - 41 arrows (quivered)
Armour
 e - a +0 robe (worn)
Jewellery
 k - a +3 ring of evasion (left hand)
 o - a +4 amulet of reflection (around neck)
Wands
 r - a wand of random effects (15)
Scrolls
 b - a scroll of blinking {unknown}
 g - 2 scrolls of amnesia {unknown}
 i - a scroll of identify {unknown}
 j - a scroll of enchant weapon {unknown}
 l - 2 scrolls of remove curse {unknown}
 n - 3 scrolls of teleportation {unknown}
 q - a scroll of fog {unknown}
Comestibles
 f - 6 rations
 p - 3 chunks of flesh


   Skills:
 + Level 3.6 Fighting
 * Level 7.2 Bows
 + Level 3.0 Dodging
 - Level 1.0 Spellcasting
 - Level 2.6 Hexes


You had 6 spell levels left.
You knew the following spells:

 Your Spells              Type           Power        Failure   Level  Hunger
a - Corona                Hex            ###....      1%          1    ##.....

Your spell library contained the following spells:

 Spells                   Type           Power        Failure   Level  Hunger
 Slow                     Hex            ###.....     1%          2    ###....
 Inner Flame              Hex/Fire       ###.....     4%          3    ####...
 Portal Projectile        Hex/Tloc       ###...       4%          3    ####...
 Cause Fear               Hex            ###.......   8%          4    #####..
 Leda's Liquefaction      Hex/Erth       ###.......   13%         4    #####..


Dungeon Overview and Level Annotations

Branches:
Dungeon (4/15)
 Temple: D:4-7

Altars:


Innate Abilities, Weirdness & Mutations

You have hooves in place of feet.
Armour fits poorly on your strangely shaped body.
You cover ground very quickly.
You have extremely tough skin. (AC +3)


Message History

The hound closely misses you.
The orc warrior drinks a potion.
The orc warrior seems to grow stronger.
You block the hound's attack.
Firing (i - inventory)
d - 43 arrows (quivered)
Press: ? - help, Shift-Dir - straight line, f/p - hound
Aim: a hound (almost dead)
You shoot an arrow. The arrow hits the hound.
You kill the hound!
Your Dodging skill increases to level 3!
You block the orc's attack.
Firing (i - inventory)
d - 42 arrows (quivered)
Press: ? - help, Shift-Dir - straight line, f - orc warrior
Aim: an orc warrior, wielding a -3 long sword and wearing a +0 plate armour You shoot an arrow.
The arrow closely misses the orc warrior.
It was a potion of brilliance.
You feel clever all of a sudden. The orc warrior closely misses you.
It was a potion of magic.
Magic courses through your body.
The orc warrior hits you with a cursed -3 long sword!!
You die...

##..............#...........#....
#.....................##..#.#..).
..#..................## #........
.....................####.รท.)....
...#......................#......
................#.........#......
................#......#.........
....#.......##.##.....##.........
....#......###oo@.##............(
#............oo##.........##<....
#..........?..##.........###....<
#..>#......(..##..#.....(.##.....
#.###.#......#..##.#.##.###....)
.. .....(......> ..###......#.).
....#......... ......#...
.....(##(#...... ......(.... .....
##....... .#...(.....


You could see an orc warrior, an orc wizard and 2 orcs.

Vanquished Creatures
  A hound (D:4)
  2 orc priests
  2 iguanas (D:4)
  Jessica (D:3)
  Ijyb (D:4)
  2 orc wizards
  2 worker ants (D:4)
  Robin (D:3)
  A gnoll (D:2)
  4 adders
  An ooze (D:4)
  An adder skeleton (D:4)
  7 worms
  3 dart slugs
  3 leopard geckos
  5 orcs
  7 bats
  3 giant cockroaches
  24 goblins
  8 hobgoblins
  5 jackals
  5 kobolds
  2 quokkas
  2 ball pythons
  5 frilled lizards
  8 rats
106 creatures vanquished.

Notes
Turn   | Place    | Note
-------+----------+-------------------------------------------
     0 | D:1      | Lanoc the Centaur Arcane Marksman began the quest for the
                  | Orb.
     0 | D:1      | Reached XP level 1. HP: 16/16 MP: 2/2
    97 | D:1      | Reached skill level 3 in Bows
   146 | D:1      | Reached XP level 2. HP: 14/23 MP: 3/3
   522 | D:1      | Reached XP level 3. HP: 14/28 MP: 4/4
   600 | D:1      | Reached skill level 4 in Bows
  1584 | D:2      | Reached XP level 4. HP: 16/36 MP: 5/5
  2362 | D:3      | Reached skill level 5 in Bows
  2488 | D:3      | Noticed Jessica
  2497 | D:3      | Killed Jessica
  2497 | D:3      | Reached XP level 5. HP: 28/42 MP: 6/6
  2606 | D:3      | Noticed Robin
  2646 | D:3      | Killed Robin
  2708 | D:3      | HP: 1/44 [something (2)]
  2716 | D:3      | Reached skill level 6 in Bows
  3169 | D:4      | Reached XP level 6. HP: 50/51 MP: 7/7
  3665 | D:4      | Noticed Ijyb
  3687 | D:4      | Killed Ijyb
  3687 | D:4      | Reached skill level 7 in Bows
  3800 | D:4      | Noticed an orc warrior
  3816 | D:4      | Slain by an orc warrior

Vault maps used:
D:1:      giann_wishing_wells, hangedman_decor_clover_reticule
D:2:      cheibrodos_gnoll_hut
D:3:      first_ration, uniq_robin, uniq_jessica
D:4:      kennysheep_goblin_castle

Skill      XL: |  1  2  3  4  5  6 |
---------------+-------------------+-----
Bows           | 3 4 5 6 7 |  7.2
Fighting       | 2 3 |  3.6
Dodging        | 2 3 |  3.0
Spellcasting   | |  1.0
Hexes          | |  2.6

Action                   |  1- 3 |  4- 6 || total
-------------------------+-------+-------++-------
Melee: Spear             |    95 |   112 ||   207
       Kick              |    11 |     8 ||    19
       Shortbow          |       |     7 ||     7
 Fire: Shortbow          |    63 |   212 ||   275
  Use: Potion            |       |     8 ||     8
  Eat: Chunk             |     1 |     7 ||     8
Armor: Robe              |    20 |    56 ||    76
       Skin              |       |    35 ||    35
Dodge: Dodged            |    60 |   116 ||   176
Block: Other             |       |    19 ||    19

Table legend:
 A = Non-vault XP
 B = Vault XP
 C = Vault XP percentage of total XP
 D = Non-vault monster count
 E = Vault monster count
 F = Vault count percentage of total count
                 A         B        C        D         E       F
            +---------+---------+-------+---------+---------+-------
      Total |     549 |     149 |  21.3 |      78 |      28 |  26.4
            +---------+---------+-------+---------+---------+-------
        D:1 |      54 |       0 |   0.0 |      28 |       0 |   0.0
        D:2 |      73 |      18 |  19.8 |      19 |       3 |  13.6
        D:3 |     118 |      75 |  38.9 |      15 |      14 |  48.3
        D:4 |     304 |      56 |  15.6 |      16 |      11 |  40.7
            +---------+---------+-------+---------+---------+-------
